SL
ROCKY MOUNTAIN NUGGETS @ PHILADELPHIA 1776 BC
09/15/2030
 
TOP OF THE 1ST
Rocky Mountain Nuggets batting - Pitching for Philadelphia 1776 BC : RHP Bill Tugwell
Pitching: RHP Bill Tugwell
Batting: RHB Luis Ríos 0-0: Called Strike
0-1: Ball
1-1: Ball
2-1: SINGLE (Flyball, 9LS)
Batting: RHB Manuel Becerra 0-0: Ball
1-0: Called Strike
1-1: Foul Ball, location: 2F
1-2: Ball
2-2: Foul Ball, location: 2F
2-2: Ball
3-2: Base on Balls
Luis Ríos to second
Pitching: RHP Apollo Cepeda
Batting: RHB Iván Vega 0-0: Called Strike
0-1: Called Strike
0-2: Ball
1-2: Foul Ball, location: 2F
1-2: Fly out, F7 (Flyball, 78D)
Batting: LHB Javier Sánchez 0-0: Called Strike
0-1: Swinging Strike
0-2: Ball
1-2: Ball
2-2: SINGLE (Line Drive, 3L)
Luis Ríos to third
Manuel Becerra to second
Runner from 3rd tries for Home, SAFE, no throw
Batting: RHB Paco Muñóz 0-0: Ball
1-0: SINGLE (Groundball, 6D)
Manuel Becerra to third
Javier Sánchez to second
Runner from 3rd tries for Home, SAFE, no throw
Batting: LHB Roberto Sánchez 0-0: Called Strike
0-1: Ball
1-1: Foul Ball, location: 2F
1-2: Foul Ball, location: 2F
1-2: Ball
2-2: Grounds into double play, 5-4-3 (Groundball, 5)
Top of the 1st over - 2 runs, 3 hits, 0 errors, 1 left on base; Rocky Mountain 2 - Philadelphia 1776 0
BOTTOM OF THE 1ST
Philadelphia 1776 BC batting - Pitching for Rocky Mountain Nuggets : RHP Nathaniel Riley
Pitching: RHP Nathaniel Riley
Batting: LHB Cliff Aldridge 0-0: Swinging Strike
0-1: Called Strike
0-2: SINGLE (Line Drive, 34D)
Batting: LHB Manoo Satyavrat 0-0: Ball
1-0: Ball
2-0: Ball
3-0: Swinging Strike
3-1: Foul Ball, location: 2F
3-2: Foul Ball, location: 2F
3-2: Fly out, F8 (Flyball, 8LM)
Batting: RHB Kevin Malone 0-0: Called Strike
0-1: Foul Ball, location: 2F
0-2: Ball
1-2: Foul Ball, location: 2F
1-2: Ball
2-2: Foul Ball, location: 2F
2-2: Ball
3-2: Ground out 5-3 (Groundball, 5S)
Cliff Aldridge to second
Batting: LHB Chase Popoff 0-0: Ball
1-0: Ball
2-0: Called Strike
2-1: Swinging Strike
2-2: Strikes out looking
Bottom of the 1st over - 0 runs, 1 hit, 0 errors, 1 left on base; Rocky Mountain 2 - Philadelphia 1776 0
TOP OF THE 2ND
Rocky Mountain Nuggets batting - Pitching for Philadelphia 1776 BC : RHP Apollo Cepeda
Batting: RHB Ludwig Kluge 0-0: Called Strike
0-1: Ground out 6-3 (Groundball, 6M)
Batting: RHB Pedro Longoria 0-0: Ball
1-0: Ball
2-0: Called Strike
2-1: Swinging Strike
2-2: Strikes out swinging
Batting: RHB Hieu De 0-0: Called Strike
0-1: Foul Ball, location: 2F
0-2: Ball
1-2: Foul Ball, location: 2F
1-2: Foul Ball, location: 2F
1-2: Foul Ball, location: 2F
1-2: Ball
2-2: Ball
3-2: Fly out, F8 (Flyball, 8RD)
Top of the 2nd over - 0 runs, 0 hits, 0 errors, 0 left on base; Rocky Mountain 2 - Philadelphia 1776 0
BOTTOM OF THE 2ND
Philadelphia 1776 BC batting - Pitching for Rocky Mountain Nuggets : RHP Nathaniel Riley
Batting: LHB Jeff Rutherford 0-0: Ball
1-0: Ball
2-0: Foul Ball, location: 2F
2-1: Foul Ball, location: 2F
2-2: Strikes out swinging
Batting: RHB Fernando Rivera 0-0: Ball
1-0: Ground out 6-3 (Groundball, 6)
Batting: RHB Kent Summey 0-0: Called Strike
0-1: SINGLE (Groundball, 34D)
Batting: RHB António Granados 0-0: Called Strike
0-1: Ball
1-1: Called Strike
1-2: Ground out 5-3 (Groundball, 56S)
Bottom of the 2nd over - 0 runs, 1 hit, 0 errors, 1 left on base; Rocky Mountain 2 - Philadelphia 1776 0
TOP OF THE 3RD
Rocky Mountain Nuggets batting - Pitching for Philadelphia 1776 BC : RHP Apollo Cepeda
Batting: RHB Luis Ríos 0-0: Called Strike
0-1: SINGLE (Line Drive, 6M)
Batting: RHB Manuel Becerra 0-0: Ball
1-0: Fly out, F8 (Flyball, 8LM)
Batting: RHB Iván Vega 0-0: Ball
1-0: Called Strike
Luis Ríos steals 2nd base
1-1: SINGLE (Groundball, 6MD)
Luis Ríos to third
Runner from 3rd tries for Home, SAFE, throw made home
Batting: LHB Javier Sánchez 0-0: Called Strike
0-1: Swinging Strike
0-2: Ball
1-2: Ball
2-2: Foul Ball, location: 2F
2-2: Strikes out swinging
Batting: RHB Paco Muñóz 0-0: Ball
1-0: Foul Ball, location: 2F
1-1: Ground out 5-3 (Groundball, 56S)
Top of the 3rd over - 1 run, 2 hits, 0 errors, 1 left on base; Rocky Mountain 3 - Philadelphia 1776 0
BOTTOM OF THE 3RD
Philadelphia 1776 BC batting - Pitching for Rocky Mountain Nuggets : RHP Nathaniel Riley
Batting: LHB Juan Montés 0-0: Called Strike
0-1: Ball
1-1: Ball
2-1: SINGLE (Groundball, 4MD)
Batting: LHB Cliff Aldridge 0-0: Called Strike
0-1: Ball
1-1: SINGLE (Flyball, 89S)
Juan Montés to second
Runner from 2nd tries for 3rd, SAFE, no throw
Batting: LHB Manoo Satyavrat 0-0: Ball
1-0: Foul Ball, location: 2F
1-1: Ball
2-1: Foul Ball, location: 2F
2-2: Ball
3-2: Fly out, F7 (Flyball, 78D)
Runner from 3rd tags up, SCORES, throw made
Batting: RHB Kevin Malone 0-0: Foul Ball, location: 2F
0-1: Ball
1-1: Fly out, F7 (Line Drive, 7S)
Batting: LHB Chase Popoff 0-0: Called Strike
0-1: Called Strike
0-2: Fly out, F8 (Flyball, 8LS)
Bottom of the 3rd over - 1 run, 2 hits, 0 errors, 1 left on base; Rocky Mountain 3 - Philadelphia 1776 1
TOP OF THE 4TH
Rocky Mountain Nuggets batting - Pitching for Philadelphia 1776 BC : RHP Apollo Cepeda
Batting: LHB Roberto Sánchez 0-0: Fly out, F1 (Line Drive, 13)
Batting: RHB Ludwig Kluge 0-0: Ground out 4-3 (Groundball, 4)
Batting: RHB Pedro Longoria 0-0: Ball
1-0: Ball
2-0: Ball
3-0: Called Strike
3-1: Called Strike
3-2: Base on Balls
Batting: RHB Hieu De 0-0: Called Strike
0-1: Fly out, F8 (Flyball, 78D)
Top of the 4th over - 0 runs, 0 hits, 0 errors, 1 left on base; Rocky Mountain 3 - Philadelphia 1776 1
BOTTOM OF THE 4TH
Philadelphia 1776 BC batting - Pitching for Rocky Mountain Nuggets : RHP Nathaniel Riley
Batting: LHB Jeff Rutherford 0-0: Fly out, F7 (Flyball, 78D)
Batting: RHB Fernando Rivera 0-0: Called Strike
0-1: Foul Ball, location: 2F
0-2: Foul Ball, location: 2F
0-2: Ball
1-2: Foul Ball, location: 2F
1-2: Ground out 6-3 (Groundball, 56)
Batting: RHB Kent Summey 0-0: Ball
1-0: Called Strike
1-1: Foul Ball, location: 2F
1-2: Strikes out swinging
Bottom of the 4th over - 0 runs, 0 hits, 0 errors, 0 left on base; Rocky Mountain 3 - Philadelphia 1776 1
TOP OF THE 5TH
Rocky Mountain Nuggets batting - Pitching for Philadelphia 1776 BC : RHP Apollo Cepeda
Batting: RHB Luis Ríos 0-0: Fly out, F9 (Flyball, 9)
Batting: RHB Manuel Becerra 0-0: Called Strike
0-1: Ground out 1-3 (Groundball, P)
Batting: RHB Iván Vega 0-0: Called Strike
0-1: Ground out 5-3 (Groundball, 5S)
Top of the 5th over - 0 runs, 0 hits, 0 errors, 0 left on base; Rocky Mountain 3 - Philadelphia 1776 1
BOTTOM OF THE 5TH
Philadelphia 1776 BC batting - Pitching for Rocky Mountain Nuggets : RHP Nathaniel Riley
Batting: RHB António Granados 0-0: Called Strike
0-1: Foul Ball, location: 2F
0-2: Ball
1-2: SINGLE (Groundball, 4MD)
Batting: LHB Juan Montés 0-0: Ball
António Granados is caught stealing 2nd base
1-0: SINGLE (Line Drive, 89M)
Batting: LHB Cliff Aldridge 0-0: Ball
Juan Montés steals 2nd base
1-0: SINGLE (Groundball, 34) (infield hit)
Juan Montés to third
Batting: LHB Manoo Satyavrat 0-0: SINGLE (Line Drive, 4)
Juan Montés scores
Cliff Aldridge to second
Runner from 2nd tries for 3rd, SAFE, no throw
Batting: RHB Kevin Malone 0-0: Ball
Manoo Satyavrat is caught stealing 2nd base
1-0: Swinging Strike
1-1: Ball
2-1: Foul Ball, location: 2F
2-2: Foul Ball, location: 2F
2-2: Ball
3-2: SINGLE (Groundball, 34D)
Cliff Aldridge scores
Batting: LHB Chase Popoff 0-0: Foul Ball, location: 2F
0-1: Swinging Strike
0-2: Ball
1-2: Ball
2-2: Strikes out swinging
Bottom of the 5th over - 2 runs, 5 hits, 0 errors, 1 left on base; Rocky Mountain 3 - Philadelphia 1776 3
TOP OF THE 6TH
Rocky Mountain Nuggets batting - Pitching for Philadelphia 1776 BC : RHP Apollo Cepeda
Pitching: LHP Brian Brewer
Batting: LHB Javier Sánchez 0-0: Called Strike
0-1: Ball
1-1: Ball
2-1: Swinging Strike
2-2: Ball
3-2: Fly out, F9 (Flyball, 89M)
Batting: RHB Paco Muñóz 0-0: Swinging Strike
0-1: Ball
1-1: Called Strike
1-2: Strikes out swinging
Batting: LHB Roberto Sánchez 0-0: Swinging Strike
0-1: Ball
1-1: Swinging Strike
1-2: Foul Ball, location: 2F
1-2: Foul Ball, location: 2F
1-2: Foul Ball, location: 2F
1-2: Strikes out swinging
Top of the 6th over - 0 runs, 0 hits, 0 errors, 0 left on base; Rocky Mountain 3 - Philadelphia 1776 3
BOTTOM OF THE 6TH
Philadelphia 1776 BC batting - Pitching for Rocky Mountain Nuggets : RHP Nathaniel Riley
Batting: LHB Jeff Rutherford 0-0: Ball
1-0: Fly out, F6 (Popup, 6)
Batting: RHB Fernando Rivera 0-0: Ball
1-0: Ball
2-0: Fly out, F4 (Popup, 23)
Batting: RHB Kent Summey 0-0: Fly out, F8 (Flyball, 8RM)
Bottom of the 6th over - 0 runs, 0 hits, 0 errors, 0 left on base; Rocky Mountain 3 - Philadelphia 1776 3
TOP OF THE 7TH
Rocky Mountain Nuggets batting - Pitching for Philadelphia 1776 BC : LHP Brian Brewer
Batting: RHB Ludwig Kluge 0-0: Called Strike
0-1: Called Strike
0-2: Foul Ball, location: 2F
0-2: Ball
1-2: Ground out 6-3 (Groundball, 6)
Batting: RHB Pedro Longoria 0-0: Ball
1-0: Called Strike
1-1: Fly out, F6 (Line Drive, 56)
Batting: RHB Hieu De 0-0: Fly out, F8 (Flyball, 8RXD)
Top of the 7th over - 0 runs, 0 hits, 0 errors, 0 left on base; Rocky Mountain 3 - Philadelphia 1776 3
BOTTOM OF THE 7TH
Philadelphia 1776 BC batting - Pitching for Rocky Mountain Nuggets : RHP Nathaniel Riley
Pinch Hitting: LHB José Rodríguez 0-0: Fly out, F7 (Flyball, 7S)
Batting: LHB Juan Montés 0-0: Ball
1-0: Ball
2-0: Foul Ball, location: 2F
2-1: Swinging Strike
2-2: Foul Ball, location: 2F
2-2: Ball
3-2: Foul Ball, location: 2F
3-2: SINGLE (Line Drive, 89S)
Pitching: LHP Magnus Scheving
Batting: LHB Cliff Aldridge 0-0: Ball
Juan Montés steals 2nd base
1-0: Called Strike
1-1: Ground out 6-3 (Groundball, 6)
Juan Montés to third
Pinch Hitting: RHB John Schnatter 0-0: Ball
1-0: Foul Ball, location: 2F
1-1: Swinging Strike
1-2: Strikes out swinging
Bottom of the 7th over - 0 runs, 1 hit, 0 errors, 1 left on base; Rocky Mountain 3 - Philadelphia 1776 3
TOP OF THE 8TH
Rocky Mountain Nuggets batting - Pitching for Philadelphia 1776 BC : LHP Brian Brewer
Now at 2B: Sam Quint
Now in LF: José Rodríguez
Batting: RHB Luis Ríos 0-0: Foul Ball, location: 2F
0-1: Ball
1-1: Swinging Strike
1-2: Foul Ball, location: 2F
1-2: Strikes out swinging
Batting: RHB Manuel Becerra 0-0: Called Strike
0-1: Swinging Strike
0-2: Strikes out swinging
Batting: RHB Iván Vega 0-0: Ball
1-0: Ball
2-0: Swinging Strike
2-1: Swinging Strike
2-2: SINGLE (Flyball, 78S)
Batting: LHB Javier Sánchez 0-0: Ball
Iván Vega is caught stealing 2nd base
Top of the 8th over - 0 runs, 1 hit, 0 errors, 0 left on base; Rocky Mountain 3 - Philadelphia 1776 3
BOTTOM OF THE 8TH
Philadelphia 1776 BC batting - Pitching for Rocky Mountain Nuggets : LHP Magnus Scheving
Pitching: RHP Carlos Trevino
Batting: RHB Kevin Malone 0-0: SINGLE (Line Drive, 7S)
Batting: LHB Chase Popoff 0-0: 2-RUN HOME RUN (Flyball, 89XD), Distance : 409 ft
Pitching: RHP Hunter Wilson
Batting: LHB Jeff Rutherford 0-0: Ball
1-0: Ball
2-0: Foul Ball, location: 2F
2-1: Ball
3-1: Foul Ball, location: 2F
3-2: Foul Ball, location: 2F
3-2: Fly out, F8 (Flyball, 8LM)
Batting: RHB Fernando Rivera 0-0: Ball
1-0: Ball
2-0: Ball
3-0: Called Strike
3-1: Base on Balls
Batting: RHB Kent Summey 0-0: Ball
1-0: Grounds into double play, U3-6 (Groundball, 3L)
Bottom of the 8th over - 2 runs, 2 hits, 0 errors, 0 left on base; Rocky Mountain 3 - Philadelphia 1776 5
TOP OF THE 9TH
Rocky Mountain Nuggets batting - Pitching for Philadelphia 1776 BC : LHP Brian Brewer
Pitching: RHP Carlos Ramos
Batting: LHB Javier Sánchez 0-0: Swinging Strike
0-1: Ball
1-1: Ball
2-1: Ball
3-1: Swinging Strike
3-2: Strikes out looking
Batting: RHB Paco Muñóz 0-0: Ball
1-0: Called Strike
1-1: Foul Ball, location: 2F
1-2: Ball
2-2: Strikes out looking
Batting: LHB Roberto Sánchez 0-0: Called Strike
0-1: Foul Ball, location: 2F
0-2: Ball
1-2: Ball
2-2: SINGLE (Groundball, 34D)
Pinch Hitting: LHB Roberto Salazar 0-0: Ball
1-0: Called Strike
1-1: Swinging Strike
1-2: Foul Ball, location: 2F
1-2: Ball
2-2: Foul Ball, location: 2F
2-2: Ground out 5-3 (Groundball, 56S)
Top of the 9th over - 0 runs, 1 hit, 0 errors, 1 left on base; Rocky Mountain 3 - Philadelphia 1776 5
Sunday, March 18th, 2018 - OOTP Baseball 18.8 Build 76